 Dungeon Crawl Stone Soup version 0.30.0 (webtiles) character file.

Game seed: 12527037984280927419

445 jimonade the Shield-Bearer (level 7, -5/54 HPs)
             Began as a Formicid Fighter on May 6, 2023.
             Slain by a mummy (15 damage)
             ... in an ossuary.
             The game lasted 00:08:19 (3240 turns).

jimonade the Shield-Bearer (Formicid Fighter)       Turns: 3240, Time: 00:08:19

Health: -5/54      AC: 12    Str: 21    XL:     7   Next: 23%
Magic:  7/7        EV:  8    Int:  9    God:
Gold:   235        SH:  5    Dex: 13    Spells: 6/6 levels left

rFire   . . .        h - +0 whip (flame)
rCold   . . .        c - +0 buckler
rNeg    . . .        i - +0 chain mail
rPois   .            (helmet unavailable)
rElec   .            q - +1 cloak
rCorr   .            (no gloves)
SInv    +            (no boots)
Will    .....        f - amulet of magic regeneration Stlth
                     (no ring)
HPRegen 0.29/turn    (no ring)
MPRegen 0.50/turn

%: no passive effects
@: no status effects
A: permanent stasis, dig shafts and tunnels, antennae 3, four strong arms
a: Dig


You were in an ossuary.
You visited 1 branch of the dungeon, and saw 4 of its levels.
You also visited: Ossuary.

You collected 235 gold pieces.

Inventory:

Hand Weapons
 a - a +0 long sword of venom
 g - a +1 whip of venom
 h - a +0 whip of flaming (weapon)
 l - a +0 quarterstaff
Missiles
 n - 2 poisoned darts
Armour
 b - a +0 scale mail
 c - a +0 buckler (worn)
 i - a +0 chain mail (worn)
 q - a +1 cloak (worn)
Magical Staves
 j - a staff of air
Jewellery
 f - an amulet of magic regeneration (around neck)
Potions
 d - 3 potions of might
 e - 6 potions of curing
 k - 3 potions of heal wounds {unknown}
 m - a potion of brilliance {unknown}
 o - 2 potions of cancellation {unknown}
 r - 2 potions of flight {unknown}


   Skills:
 + Level 4.0 Fighting
 + Level 4.1 Long Blades
 + Level 1.1 Maces & Flails
 + Level 5.5 Armour
 + Level 0.9 Dodging
 + Level 0.2 Stealth
 + Level 5.6 Shields


You had 6 spell levels left.
You didn't know any spells.
Your spell library contained the following spells:

 Spells                   Type           Power      Damage    Failure   Level
 Apportation              Tloc           0%         N/A       97%         1
 Foxfire                  Conj/Fire      0%         2x1d4     97%         1
 Summon Small Mammal      Summ           0%         N/A       97%         1
 Call Canine Familiar     Summ           0%         N/A       100%        3
 Summon Guardian Golem    Hex/Summ       0%         N/A       100%        3
 Alistair's Intoxication  Tmut/Pois      0%         N/A       100%        5
 Fireball                 Conj/Fire      0%         3d3       100%        5
 Plasma Beam              Fire/Air       0%         2x1d11    100%        6
 Starburst                Conj/Fire      0%         6d3       100%        6


Dungeon Overview and Level Annotations

Branches:
Dungeon (4/15)            Ossuary (1/1)
 Temple: D:4-7

Altars:
Cheibriados

Annotations:
D:4 2 transporters


Innate Abilities, Weirdness & Mutations

You cannot be hasted, slowed, berserked, paralysed or teleported.
You can dig through walls and to a lower floor.
You have a pair of large antennae on your head. (SInv)
Your four strong arms can wield two-handed weapons with a shield.


Message History

The mummy is severely damaged.
The mummy hits you. The mummy hits you but does no damage.
You hit the mummy but do no damage.
The mummy is severely damaged.
The mummy hits you but does no damage.
You hit the mummy. You burn the mummy.
The mummy is almost destroyed.
The mummy barely misses you. x2; The mummy hits you but does no damage.
You hit the mummy but do no damage.
The mummy is almost destroyed.
You block the mummy's attack. The mummy barely misses you.
You hit the mummy. You burn the mummy.
You destroy the mummy!
The mummy barely misses you.
You hit the mummy but do no damage. The mummy hits you.
The mummy closely misses you.
You barely miss the mummy. You hit the mummy. You burn the mummy.
The mummy is lightly damaged.
You block the mummy's attack. x2; The mummy hits you!
You hit the mummy. You burn the mummy.
The mummy is severely damaged.
The mummy hits you but does no damage. The mummy closely misses you.
The mummy hits you.
You are too injured to fight recklessly!
You are too injured to fight recklessly!
You are too injured to fight recklessly!
You are too injured to fight recklessly!
You hit the mummy. You burn the mummy.
The mummy is almost destroyed.
The mummy hits you.
You hit the mummy. You burn the mummy.
The mummy is almost destroyed.
The mummy hits you but does no damage. You block the mummy's attack.
You hit the mummy. You burn the mummy.
You destroy the mummy!
The mummy hits you!
* * * LOW HITPOINT WARNING * * *
The mummy hits you!
You die...

#....#
#....#
#....#
#....#
#....#
#....#
#....#
#.M..#
#@MZ.#
######


You could see 2 mummies and a hobgoblin zombie.

Vanquished Creatures
  Eustachio (D:4)
  An ogre (D:4)
  An iguana (D:3)
  3 mummies
  6 adders
  An ufetubus (D:4)
  4 worms
  5 dart slugs
  An orc (D:4)
  3 bats
  4 endoplasms
  6 giant cockroaches
  4 gnoll zombies (Ossuary)
  11 goblins
  6 hobgoblins
  4 jackals
  3 quokkas
  7 ball pythons
  2 frilled lizards (D:3)
  10 kobolds
  3 kobold zombies (Ossuary)
  2 rats
88 creatures vanquished.

Notes
Turn   | Place    | Note
-------+----------+-------------------------------------------
     0 | D:1      | jimonade the Formicid Fighter began the quest for the Orb.
     0 | D:1      | Reached XP level 1. HP: 18/18 MP: 1/1
    47 | D:1      | Reached XP level 2. HP: 22/24 MP: 2/2
   209 | D:1      | Found a faded altar of an unknown god.
   379 | D:1      | Reached XP level 3. HP: 24/29 MP: 3/3
  1127 | D:2      | Reached XP level 4. HP: 22/36 MP: 4/4
  1649 | D:3      | Reached XP level 5. HP: 22/42 MP: 5/5
  2026 | D:3      | Reached skill level 5 in Shields
  2432 | D:3      | Found a snail-covered altar of Cheibriados.
  2487 | D:4      | Noticed Eustachio
  2620 | D:4      | Killed Eustachio
  2621 | D:4      | Reached skill level 1 in Maces & Flails
  2621 | D:4      | Reached skill level 5 in Armour
  2621 | D:4      | Reached XP level 6. HP: 34/48 MP: 6/6
  2897 | D:4      | Found a transporter.
  2897 | D:4      | Found a transporter.
  3025 | D:4      | Noticed an ogre
  3035 | D:4      | Killed an ogre
  3036 | D:4      | Reached XP level 7. HP: 35/54 MP: 7/7
  3147 | D:4      | Found a sand-covered staircase.
  3154 | Ossuary  | Entered an ossuary
  3240 | Ossuary  | Slain by a mummy

Illustrated notes

Levels and vault maps discovered:
D:1:      minmay_arrival_checkered_box, layout_basic,
          chequers_ecumenical_altar_simple, serial_forest,
          infiniplex_forest_lined_corner, infiniplex_forest_lined_room_3,
          infiniplex_forest_straight_2, infiniplex_forest_split,
          infiniplex_forest_clump_tiny, infiniplex_forest_clump_medium,
          infiniplex_forest_straight_2, infiniplex_forest_lined_4_way,
          st_stairs_12
D:2:      layout_rooms, minmay_split_cup_large
D:3:      minmay_general_purpose_star, layout_basic, slow_altar_2,
          serial_curves, eino_curves_02, eino_curves_04
D:4:      gammafunk_steamed_eel, layout_loops_ring, nicolae_ossuary_entry_ruins,
          uniq_eustachio
Ossuary:  ossuary_tomb_3

Skill      XL: |  1  2  3  4  5  6 |
---------------+-------------------+-----
Long Blades    | 3 4 |  4.1
Shields        | 5 |  5.6
Armour         | 5 |  5.5
Maces & Flails | 1 |  1.1
Fighting       | 4 |  4.0
Dodging        | |  0.9
Stealth        | |  0.2

Action                     |  1- 3 |  4- 6 |  7- 9 || total
---------------------------+-------+-------+-------++-------
  Melee: Long sword        |    86 |   149 |       ||   235
         Whip              |       |    74 |    45 ||   119
    Use: Scroll            |       |     8 |       ||     8
 Armour: Scale mail        |    14 |       |       ||    14
         Chain mail        |    30 |   134 |    17 ||   181
  Dodge: Dodged            |    30 |    95 |    17 ||   142
  Block: Buckler           |    23 |    50 |     7 ||    80
